[ AOE2 MATCH · #482505371 ]
UnrankedCumans vs Persians
[ REPLAY ANALYSIS · EXTRACTED FROM THE RECORDED GAME ]
Feudal
9:06
Castle
23:30
Imperial
31:54
| APM avg | 36.8 |
| APM peak | 76 |
| eAPM avg | 17.0 |
| Villagers / military | 169 / 783 |
Focus
⚔️ 47.5% · 🌾 52.5%
Spearman ×383 · Scout Cavalry ×216 · Kipchak ×153 · Trebuchet (Packed) ×31 · Trade Cart ×24
Feudal
11:47
Castle
18:44
Imperial
32:18
| APM avg | 17.2 |
| APM peak | 42 |
| eAPM avg | 12.2 |
| Villagers / military | 120 / 604 |
Focus
⚔️ 37.8% · 🌾 62.2%
Knight ×604 · Trade Cart ×103
Feudal
10:22
Castle
26:31
Imperial
45:49
| APM avg | 37.6 |
| APM peak | 101 |
| eAPM avg | 19.4 |
| Villagers / military | 201 / 755 |
Focus
⚔️ 43.9% · 🌾 56.1%
Spearman ×374 · Scout Cavalry ×219 · Camel Scout ×105 · Knight ×54 · Trade Cart ×30 · Trebuchet (Packed) ×3
Feudal
9:00
Castle
23:24
Imperial
38:16
| APM avg | 56.0 |
| APM peak | 215 |
| eAPM avg | 18.0 |
| Villagers / military | 119 / 351 |
Focus
⚔️ 48.2% · 🌾 51.8%
Knight ×200 · Scout Cavalry ×109 · Trade Cart ×44 · Tarkan ×41 · Spearman ×1
Feudal
12:18
Castle
16:13
Imperial
32:00
| APM avg | 52.5 |
| APM peak | 131 |
| eAPM avg | 20.4 |
| Villagers / military | 201 / 791 |
Focus
⚔️ 35.2% · 🌾 64.8%
Leitis ×356 · Scout Cavalry ×290 · Knight ×113 · Trade Cart ×50 · Trebuchet (Packed) ×12 · Scorpion ×9
Feudal
8:59
Castle
20:53
Imperial
38:28
| APM avg | 37.4 |
| APM peak | 79 |
| eAPM avg | 19.8 |
| Villagers / military | 166 / 697 |
Focus
⚔️ 30.5% · 🌾 69.5%
Scout Cavalry ×350 · Mangudai ×298 · Trade Cart ×82 · Camel Scout ×19 · Steppe Lancer ×18 · Battering Ram ×10
Feudal
12:16
Castle
16:00
Imperial
39:33
| APM avg | 36.6 |
| APM peak | 71 |
| eAPM avg | 24.6 |
| Villagers / military | 184 / 429 |
Focus
⚔️ 44.9% · 🌾 55.1%
Fire Lancer ×205 · War Wagon ×106 · Skirmisher ×103 · Trade Cart ×34 · Spearman ×10 · Unknown (1260) ×5
Feudal
9:55
Castle
23:16
Imperial
36:39
| APM avg | 40.8 |
| APM peak | 98 |
| eAPM avg | 23.3 |
| Villagers / military | 169 / 619 |
Focus
⚔️ 49.6% · 🌾 50.4%
Archer ×213 · Camel Scout ×163 · Scout Cavalry ×155 · Skirmisher ×55 · Trade Cart ×31 · Hand Cannoneer ×25
Match map
Initial resources + every placement click. Lines = walls · curves = elevation contours. ◆ gold · ⬟ stone · ● berries · ✦ relic · ◌ wall gap
Your base· ✓ Closed at 23:30 · 6t walls · 1 gate(s)
藥膏's base· ✓ Closed at 18:44 · 116t walls · no gate
chentever.twitch's base· ✓ Closed at 26:31 · 49t walls · 2 gate(s)
matt's base· ✓ Closed at 23:24 · 2t walls · 2 gate(s)
Hombre invisible's base· ✓ Closed at 16:13 · 3t walls · 1 gate(s)
Mr_Mantequilla's base· ✓ Closed at 20:53 · 5t walls · 1 gate(s)
DippityDang's base· ✓ Closed at 16:00 · 54t walls · no gate
Lord_ZeusX's base· ✓ Closed at 23:16 · 32t walls · no gate
Smoothed initial terrain · ◌ = detected wall gap · hover for details
Inputs per minute
— DoctorDubbz - - 藥膏
Build order — DoctorDubbz
First 150 of 615 actions detected
| 0:01 | Create | Villager (Male) |
| 0:02 | Create | Villager (Male) |
| 0:02 | Create | Villager (Male) |
| 0:04 | Build | House |
| 0:05 | Build | House |
| 0:13 | Create | Villager (Male) |
| 0:14 | Create | Villager (Male) |
| 1:31 | Create | Villager (Male) |
| 1:31 | Create | Villager (Male) |
| 1:54 | Build | Lumber Camp |
| 1:57 | Create | Villager (Male) |
| 1:57 | Create | Villager (Male) |
| 2:31 | Create | Villager (Male) |
| 2:31 | Create | Villager (Male) |
| 2:56 | Create | Villager (Male) |
| 2:56 | Create | Villager (Male) |
| 2:56 | Create | Villager (Male) |
| 3:02 | Build | House |
| 3:44 | Build | House |
| 3:45 | Create | Villager (Male) |
| 4:14 | Create | Villager (Male) |
| 4:15 | Create | Villager (Male) |
| 4:56 | Create | Villager (Male) |
| 5:00 | Research | Loom |
| 5:56 | Create | Villager (Male) |
| 5:56 | Create | Villager (Male) |
| 6:22 | Build | Mill |
| 6:50 | Create | Villager (Male) |
| 6:56 | Research | Feudal Age |
| 8:20 | Build | Barracks |
| 8:24 | Create | Villager (Male) |
| 8:25 | Create | Villager (Male) |
| 9:06 | Age | Feudal Age |
| 9:09 | Research | Double-Bit Axe |
| 9:29 | Build | Stable |
| 9:33 | Build | House |
| 9:35 | Build | House |
| 9:37 | Create | Villager (Male) |
| 9:38 | Research | Horse Collar |
| 9:42 | Create | Villager (Male) |
| 9:57 | Build | Palisade Wall |
| 10:20 | Create | Villager (Male) |
| 10:26 | Build | Palisade Gate |
| 10:30 | Create | Scout Cavalry |
| 10:46 | Build | Farm |
| 10:51 | Build | Mining Camp |
| 11:09 | Create | Scout Cavalry |
| 11:14 | Build | House |
| 11:16 | Create | Villager (Male) |
| 11:16 | Create | Villager (Male) |
| 11:30 | Build | Farm |
| 11:33 | Build | Farm |
| 11:39 | Create | Villager (Male) |
| 11:52 | Build | House |
| 12:04 | Research | Wheelbarrow |
| 12:11 | Build | Farm |
| 12:13 | Create | Scout Cavalry |
| 12:52 | Build | Farm |
| 13:01 | Build | Farm |
| 13:03 | Build | Farm |
| 13:07 | Create | Villager (Male) |
| 13:29 | Create | Scout Cavalry |
| 13:33 | Research | Bloodlines |
| 13:42 | Research | Bloodlines |
| 13:44 | Create | Villager (Male) |
| 13:44 | Create | Villager (Male) |
| 14:18 | Create | Villager (Male) |
| 14:18 | Create | Villager (Male) |
| 14:37 | Build | Town Center |
| 14:39 | Create | Scout Cavalry |
| 14:39 | Create | Scout Cavalry |
| 14:40 | Create | Villager (Male) |
| 14:41 | Create | Villager (Male) |
| 15:11 | Create | Scout Cavalry |
| 15:19 | Create | Scout Cavalry |
| 15:33 | Build | House |
| 15:34 | Build | House |
| 16:04 | Create | Villager (Male) |
| 16:04 | Create | Villager (Male) |
| 16:10 | Create | Villager (Male) |
| 16:10 | Create | Villager (Male) |
| 16:13 | Build | Farm |
| 16:14 | Build | Farm |
| 16:14 | Build | Farm |
| 16:14 | Build | Farm |
| 16:14 | Build | Farm |
| 16:15 | Build | Farm |
| 16:15 | Build | Farm |
| 16:22 | Create | Villager (Male) |
| 16:22 | Create | Villager (Male) |
| 16:23 | Create | Villager (Male) |
| 16:41 | Build | Farm |
| 16:43 | Create | Villager (Male) |
| 16:46 | Create | Villager (Male) |
| 16:59 | Build | Farm |
| 17:20 | Build | Blacksmith |
| 17:30 | Build | Farm |
| 17:31 | Create | Villager (Male) |
| 17:32 | Create | Villager (Male) |
| 17:38 | Build | House |
| 17:48 | Create | Villager (Male) |
| 17:49 | Create | Villager (Male) |
| 18:10 | Build | Farm |
| 18:10 | Build | Farm |
| 18:10 | Build | Farm |
| 18:10 | Build | Farm |
| 18:11 | Build | Farm |
| 18:11 | Build | Farm |
| 18:14 | Build | Farm |
| 18:20 | Create | Villager (Male) |
| 18:20 | Create | Villager (Male) |
| 18:20 | Create | Villager (Male) |
| 18:22 | Build | House |
| 19:20 | Build | Farm |
| 19:21 | Build | Farm |
| 19:24 | Build | House |
| 19:26 | Create | Villager (Male) |
| 19:26 | Create | Villager (Male) |
| 19:26 | Create | Villager (Male) |
| 19:27 | Create | Villager (Male) |
| 20:03 | Build | House |
| 20:09 | Build | Farm |
| 20:10 | Build | Farm |
| 20:10 | Build | Farm |
| 20:10 | Build | Farm |
| 20:10 | Build | Farm |
| 20:11 | Build | Farm |
| 20:11 | Build | Farm |
| 20:38 | Build | Mining Camp |
| 20:42 | Build | House |
| 20:50 | Research | Castle Age |
| 20:54 | Build | Farm |
| 20:56 | Create | Villager (Male) |
| 21:20 | Build | Market |
| 21:26 | Create | Villager (Male) |
| 21:26 | Create | Villager (Male) |
| 21:26 | Create | Villager (Male) |
| 21:26 | Create | Villager (Male) |
| 21:36 | Research | Gold Mining |
| 22:14 | Research | Stone Mining |
| 22:24 | Create | Villager (Male) |
| 22:24 | Create | Villager (Male) |
| 23:15 | Create | Villager (Male) |
| 23:15 | Create | Villager (Male) |
| 23:15 | Create | Villager (Male) |
| 23:30 | Age | Castle Age |
| 23:38 | Research | Fletching |
| 23:38 | Research | Padded Archer Armor |
| 24:02 | Build | Town Center |
| 24:12 | Research | Bodkin Arrow |
Build order — 藥膏
First 150 of 479 actions detected
| 0:01 | Create | Villager (Male) |
| 0:03 | Build | House |
| 0:04 | Build | House |
| 0:22 | Create | Villager (Male) ×3 |
| 1:29 | Create | Villager (Male) |
| 1:30 | Create | Villager (Male) |
| 1:52 | Create | Villager (Male) |
| 1:53 | Create | Villager (Male) |
| 2:23 | Create | Villager (Male) |
| 2:33 | Create | Villager (Male) |
| 2:54 | Create | Villager (Male) |
| 2:54 | Create | Villager (Male) |
| 3:29 | Create | Villager (Male) |
| 3:30 | Create | Villager (Male) |
| 3:42 | Build | House |
| 3:43 | Build | House |
| 3:55 | Create | Villager (Male) |
| 3:58 | Build | Lumber Camp |
| 4:10 | Create | Villager (Male) |
| 4:33 | Create | Villager (Male) |
| 4:33 | Create | Villager (Male) |
| 4:44 | Build | House |
| 5:04 | Build | House |
| 5:21 | Create | Villager (Male) |
| 5:22 | Create | Villager (Male) |
| 5:22 | Create | Villager (Male) |
| 5:23 | Create | Villager (Male) |
| 5:47 | Build | Palisade Wall |
| 6:03 | Create | Villager (Male) |
| 6:04 | Create | Villager (Male) |
| 6:09 | Create | Villager (Male) |
| 6:10 | Create | Villager (Male) |
| 6:17 | Create | Villager (Male) |
| 6:18 | Create | Villager (Male) |
| 6:37 | Build | Palisade Wall |
| 6:39 | Build | Palisade Wall |
| 7:09 | Create | Villager (Male) |
| 7:10 | Create | Villager (Male) |
| 7:10 | Create | Villager (Male) |
| 7:10 | Create | Villager (Male) |
| 7:38 | Build | Mill |
| 7:47 | Build | Palisade Wall |
| 8:55 | Build | Mining Camp |
| 9:06 | Research | Loom |
| 9:19 | Build | House |
| 9:24 | Build | House |
| 9:27 | Build | Palisade Wall |
| 9:29 | Research | Feudal Age |
| 10:14 | Build | Palisade Wall |
| 10:17 | Build | Palisade Wall |
| 10:18 | Build | Palisade Wall |
| 10:27 | Build | House |
| 10:30 | Build | House |
| 10:31 | Build | House |
| 10:32 | Build | House |
| 10:35 | Build | House |
| 10:36 | Build | House |
| 10:37 | Build | House |
| 10:54 | Build | House |
| 11:36 | Create | Villager (Male) |
| 11:36 | Create | Villager (Male) |
| 11:36 | Create | Villager (Male) |
| 11:47 | Age | Feudal Age |
| 12:19 | Build | Stone Wall |
| 12:21 | Build | Stone Wall |
| 12:25 | Create | Villager (Male) |
| 12:26 | Create | Villager (Male) |
| 12:39 | Build | Market |
| 12:45 | Build | Blacksmith |
| 13:03 | Build | Stone Wall |
| 13:05 | Build | Stone Wall |
| 13:07 | Build | Stone Wall |
| 13:16 | Create | Villager (Male) |
| 13:17 | Create | Villager (Male) |
| 13:17 | Create | Villager (Male) |
| 13:38 | Build | Farm |
| 13:40 | Build | Farm |
| 13:44 | Build | Farm |
| 13:52 | Build | Farm |
| 14:25 | Build | Stone Wall |
| 14:34 | Build | Stone Wall |
| 14:39 | Build | Stone Wall |
| 14:40 | Build | Stone Wall |
| 14:42 | Build | Stone Wall |
| 14:43 | Build | Stone Wall |
| 15:06 | Build | Farm |
| 15:07 | Build | Farm |
| 15:09 | Create | Villager (Male) |
| 15:20 | Build | Farm |
| 16:04 | Research | Castle Age |
| 16:04 | Research | Castle Age |
| 16:48 | Research | Double-Bit Axe |
| 16:48 | Research | Double-Bit Axe |
| 17:26 | Build | Farm |
| 17:28 | Build | Farm |
| 18:40 | Research | Wheelbarrow |
| 18:44 | Age | Castle Age |
| 18:49 | Build | Town Center |
| 18:50 | Research | Bow Saw |
| 19:21 | Build | Town Center |
| 19:24 | Create | Villager (Male) |
| 20:05 | Create | Villager (Male) |
| 20:13 | Build | Farm |
| 20:14 | Build | Farm |
| 20:15 | Build | Farm |
| 20:17 | Build | Farm |
| 20:18 | Build | Farm |
| 20:20 | Create | Villager (Male) |
| 20:21 | Create | Villager (Male) |
| 20:36 | Build | Farm |
| 20:38 | Build | Farm |
| 20:39 | Build | Farm |
| 20:44 | Create | Villager (Male) |
| 21:03 | Create | Villager (Male) |
| 21:04 | Create | Villager (Male) |
| 21:07 | Build | Farm |
| 21:09 | Build | Farm |
| 21:09 | Build | Farm |
| 21:11 | Create | Villager (Male) |
| 21:11 | Create | Villager (Male) |
| 21:12 | Create | Villager (Male) |
| 21:31 | Create | Villager (Male) |
| 21:31 | Create | Villager (Male) |
| 21:32 | Create | Villager (Male) |
| 21:43 | Build | Market |
| 21:53 | Build | Market |
| 21:56 | Create | Villager (Male) |
| 21:56 | Create | Villager (Male) |
| 22:09 | Build | Farm |
| 22:10 | Build | Farm |
| 22:11 | Build | Farm |
| 22:20 | Create | Villager (Male) |
| 22:21 | Create | Villager (Male) |
| 22:21 | Create | Villager (Male) |
| 22:39 | Create | Villager (Male) |
| 22:39 | Create | Villager (Male) |
| 22:43 | Build | Market |
| 22:53 | Create | Villager (Male) |
| 22:53 | Create | Villager (Male) |
| 23:11 | Build | Farm |
| 23:13 | Build | Farm |
| 23:14 | Build | Farm |
| 23:15 | Build | Farm |
| 23:16 | Build | Farm |
| 23:17 | Build | Farm |
| 23:19 | Build | Farm |
| 23:22 | Create | Villager (Male) |
| 23:22 | Create | Villager (Male) |
| 23:22 | Create | Villager (Male) |
| 23:24 | Create | Villager (Male) |
Build order — chentever.twitch
First 150 of 844 actions detected
| 0:01 | Create | Villager (Male) |
| 0:01 | Create | Villager (Male) |
| 0:02 | Create | Villager (Male) |
| 0:02 | Create | Villager (Male) |
| 0:02 | Create | Villager (Male) |
| 0:03 | Create | Villager (Male) |
| 0:04 | Build | House |
| 0:06 | Build | House |
| 1:21 | Create | Villager (Male) |
| 1:21 | Create | Villager (Male) |
| 1:44 | Build | Lumber Camp |
| 1:48 | Create | Villager (Male) |
| 1:48 | Create | Villager (Male) |
| 2:07 | Create | Villager (Male) |
| 2:07 | Create | Villager (Male) |
| 2:38 | Create | Villager (Male) |
| 2:39 | Create | Villager (Male) |
| 3:10 | Create | Villager (Male) |
| 3:11 | Create | Villager (Male) |
| 3:36 | Create | Villager (Male) |
| 3:37 | Create | Villager (Male) |
| 3:43 | Build | House |
| 4:03 | Create | Villager (Male) |
| 4:03 | Create | Villager (Male) |
| 4:32 | Create | Villager (Male) |
| 4:32 | Create | Villager (Male) |
| 4:33 | Create | Villager (Male) |
| 4:38 | Build | House |
| 4:39 | Build | House |
| 4:45 | Create | Villager (Male) |
| 4:45 | Create | Villager (Male) |
| 5:06 | Create | Villager (Male) |
| 5:06 | Create | Villager (Male) |
| 5:39 | Build | Palisade Wall |
| 5:45 | Create | Villager (Male) |
| 5:45 | Create | Villager (Male) |
| 5:46 | Create | Villager (Male) |
| 6:32 | Build | Palisade Gate |
| 6:55 | Research | Loom |
| 7:07 | Build | Mill |
| 7:19 | Build | Barracks |
| 8:10 | Build | Palisade Wall |
| 8:19 | Research | Feudal Age |
| 10:16 | Create | Villager (Male) |
| 10:16 | Create | Villager (Male) |
| 10:22 | Age | Feudal Age |
| 10:34 | Build | Stable |
| 10:54 | Create | Villager (Male) |
| 10:55 | Create | Villager (Male) |
| 11:02 | Build | Mining Camp |
| 11:09 | Build | Mining Camp |
| 11:16 | Build | Farm |
| 11:17 | Build | Farm |
| 11:19 | Build | Farm |
| 11:20 | Create | Scout Cavalry |
| 11:20 | Create | Scout Cavalry |
| 11:35 | Build | House |
| 11:42 | Build | Palisade Wall |
| 11:49 | Create | Villager (Male) |
| 11:49 | Create | Villager (Male) |
| 11:58 | Build | House |
| 12:03 | Build | Palisade Wall |
| 12:06 | Create | Villager (Male) |
| 12:12 | Build | House |
| 12:16 | Build | Market |
| 12:28 | Build | Blacksmith |
| 12:31 | Create | Villager (Male) |
| 12:43 | Build | Mill |
| 12:48 | Create | Villager (Male) |
| 12:53 | Create | Scout Cavalry |
| 12:54 | Create | Scout Cavalry |
| 12:54 | Create | Scout Cavalry |
| 13:03 | Build | Farm |
| 13:06 | Build | Farm |
| 13:13 | Build | House |
| 13:14 | Build | House |
| 13:16 | Build | House |
| 14:00 | Create | Scout Cavalry |
| 14:00 | Create | Scout Cavalry |
| 14:14 | Build | Stable |
| 14:22 | Create | Spearman |
| 14:31 | Build | Farm |
| 14:33 | Build | Farm |
| 14:38 | Create | Scout Cavalry |
| 14:38 | Create | Scout Cavalry |
| 14:54 | Build | House |
| 14:57 | Create | Villager (Male) |
| 14:57 | Create | Villager (Male) |
| 15:07 | Build | Farm |
| 15:08 | Build | Farm |
| 15:19 | Create | Villager (Male) |
| 15:19 | Create | Villager (Male) |
| 15:32 | Build | Farm |
| 15:49 | Build | House |
| 15:57 | Research | Forging |
| 15:57 | Research | Forging |
| 16:04 | Build | House |
| 17:00 | Research | Scale Barding Armor |
| 17:13 | Create | Scout Cavalry |
| 17:13 | Create | Scout Cavalry |
| 17:24 | Research | Town Watch |
| 17:32 | Build | House |
| 17:34 | Build | House |
| 17:35 | Build | House |
| 17:37 | Create | Villager (Male) |
| 17:37 | Create | Villager (Male) |
| 17:40 | Build | Farm |
| 17:42 | Build | Farm |
| 17:44 | Build | Farm |
| 17:58 | Build | Market |
| 18:00 | Create | Villager (Male) |
| 18:01 | Create | Villager (Male) |
| 18:07 | Build | Farm |
| 18:29 | Research | Bloodlines |
| 18:29 | Research | Bloodlines |
| 19:00 | Create | Scout Cavalry |
| 19:01 | Create | Scout Cavalry |
| 19:01 | Create | Scout Cavalry |
| 19:05 | Build | Farm |
| 19:08 | Build | Farm |
| 19:12 | Build | Farm |
| 19:13 | Build | Farm |
| 19:24 | Create | Scout Cavalry |
| 19:25 | Create | Scout Cavalry |
| 19:41 | Create | Villager (Male) |
| 19:41 | Create | Villager (Male) |
| 19:45 | Create | Villager (Male) |
| 19:45 | Create | Villager (Male) |
| 19:48 | Build | Farm |
| 19:49 | Build | Farm |
| 19:56 | Build | House |
| 19:58 | Build | House |
| 20:06 | Build | Farm |
| 20:09 | Create | Scout Cavalry |
| 20:10 | Create | Scout Cavalry |
| 20:23 | Create | Villager (Male) |
| 20:23 | Create | Villager (Male) |
| 20:26 | Build | Farm |
| 20:38 | Build | Gate |
| 21:17 | Create | Villager (Male) |
| 21:17 | Create | Villager (Male) |
| 21:18 | Research | Wheelbarrow |
| 21:41 | Create | Scout Cavalry |
| 21:41 | Create | Scout Cavalry |
| 21:41 | Create | Scout Cavalry |
| 22:00 | Create | Scout Cavalry |
| 22:01 | Create | Scout Cavalry |
| 22:01 | Create | Scout Cavalry |
| 22:10 | Build | House |
| 22:12 | Build | House |
Build order — matt
First 150 of 580 actions detected
| 0:01 | Create | Villager (Male) |
| 0:01 | Create | Villager (Male) |
| 0:09 | Create | Villager (Male) |
| 0:09 | Create | Villager (Male) |
| 0:09 | Create | Villager (Male) |
| 1:13 | Create | Villager (Male) |
| 1:49 | Build | Lumber Camp |
| 1:52 | Create | Villager (Male) |
| 2:25 | Create | Villager (Male) |
| 2:25 | Create | Villager (Male) |
| 3:01 | Create | Villager (Male) |
| 3:37 | Create | Villager (Male) |
| 3:37 | Create | Villager (Male) |
| 4:03 | Create | Villager (Male) |
| 4:22 | Create | Villager (Male) |
| 4:38 | Create | Villager (Male) |
| 5:25 | Build | Mill |
| 5:32 | Create | Villager (Male) |
| 5:32 | Create | Villager (Male) |
| 5:33 | Create | Villager (Male) |
| 5:52 | Create | Villager (Male) |
| 6:20 | Research | Loom |
| 6:50 | Research | Feudal Age |
| 7:22 | Build | Barracks |
| 7:53 | Create | Villager (Male) |
| 7:55 | Create | Villager (Male) |
| 9:00 | Age | Feudal Age |
| 9:01 | Build | Stable |
| 9:03 | Research | Double-Bit Axe |
| 9:06 | Create | Spearman |
| 9:26 | Create | Villager (Male) |
| 9:28 | Create | Villager (Male) |
| 9:43 | Create | Scout Cavalry |
| 9:52 | Build | Stable |
| 9:55 | Create | Scout Cavalry |
| 10:23 | Create | Villager (Male) |
| 10:26 | Create | Scout Cavalry |
| 11:01 | Create | Villager (Male) |
| 11:19 | Create | Villager (Male) |
| 11:34 | Build | Palisade Gate |
| 11:50 | Build | Palisade Wall |
| 11:53 | Build | Palisade Wall |
| 12:08 | Create | Villager (Male) |
| 12:08 | Create | Villager (Male) |
| 12:10 | Create | Scout Cavalry |
| 12:11 | Create | Scout Cavalry |
| 12:20 | Build | Farm |
| 12:21 | Build | Farm |
| 12:21 | Build | Farm |
| 12:21 | Build | Farm |
| 12:22 | Build | Farm |
| 12:22 | Build | Farm |
| 12:23 | Build | Farm |
| 12:37 | Create | Scout Cavalry |
| 12:50 | Build | Mining Camp |
| 12:53 | Create | Villager (Male) |
| 13:14 | Build | Farm |
| 13:22 | Create | Scout Cavalry |
| 13:30 | Create | Villager (Male) |
| 13:34 | Build | Farm |
| 14:17 | Create | Scout Cavalry |
| 14:17 | Create | Scout Cavalry |
| 14:18 | Create | Scout Cavalry |
| 14:22 | Create | Villager (Male) |
| 14:42 | Build | Gate |
| 14:51 | Build | Blacksmith |
| 15:01 | Build | Market |
| 15:02 | Create | Villager (Male) |
| 15:02 | Create | Villager (Male) |
| 15:18 | Research | Bloodlines |
| 15:44 | Create | Villager (Male) |
| 16:15 | Create | Villager (Male) |
| 16:18 | Build | Farm |
| 16:30 | Create | Villager (Male) |
| 16:32 | Build | Farm |
| 16:36 | Research | Scale Barding Armor |
| 16:50 | Create | Villager (Male) |
| 16:53 | Build | Farm |
| 16:56 | Build | Farm |
| 16:57 | Build | Farm |
| 17:00 | Build | Farm |
| 17:37 | Build | Palisade Gate |
| 17:43 | Build | Palisade Wall |
| 17:59 | Create | Villager (Male) |
| 18:07 | Build | Farm |
| 18:07 | Build | Farm |
| 18:08 | Build | Farm |
| 18:08 | Build | Farm |
| 18:25 | Research | Forging |
| 18:26 | Create | Scout Cavalry |
| 18:26 | Create | Scout Cavalry |
| 18:39 | Create | Villager (Male) |
| 18:43 | Build | Farm |
| 18:58 | Create | Scout Cavalry |
| 18:58 | Create | Villager (Male) |
| 19:02 | Build | Farm |
| 19:02 | Create | Villager (Male) |
| 19:52 | Create | Scout Cavalry |
| 19:54 | Create | Villager (Male) |
| 19:56 | Build | Farm |
| 20:18 | Create | Villager (Male) |
| 20:21 | Build | Farm |
| 20:36 | Research | Castle Age |
| 20:53 | Create | Villager (Male) |
| 20:56 | Build | Stable |
| 21:59 | Build | Farm |
| 21:59 | Build | Farm |
| 22:04 | Research | Horse Collar |
| 22:16 | Build | Lumber Camp |
| 22:38 | Build | Farm |
| 22:47 | Create | Villager (Male) |
| 23:04 | Build | Farm |
| 23:06 | Build | Farm |
| 23:24 | Age | Castle Age |
| 23:29 | Research | Light Cavalry (upgrade) |
| 23:30 | Research | Chain Barding Armor |
| 23:31 | Create | Knight |
| 23:31 | Create | Knight |
| 23:31 | Create | Knight |
| 23:35 | Research | Husbandry |
| 23:40 | Create | Villager (Male) |
| 23:44 | Research | Bow Saw |
| 23:49 | Create | Knight |
| 24:00 | Research | Wheelbarrow |
| 24:11 | Create | Knight |
| 24:16 | Create | Villager (Male) |
| 24:16 | Create | Villager (Male) |
| 24:23 | Create | Knight |
| 24:23 | Create | Knight |
| 24:37 | Create | Knight |
| 24:37 | Create | Knight |
| 24:38 | Create | Villager (Male) |
| 24:54 | Create | Knight |
| 24:54 | Create | Knight |
| 24:58 | Build | Farm |
| 24:58 | Build | Farm |
| 24:58 | Build | Farm |
| 24:59 | Build | Farm |
| 25:04 | Build | Farm |
| 25:07 | Build | Farm |
| 25:11 | Research | Gold Mining |
| 25:25 | Build | Gate |
| 25:28 | Create | Knight |
| 25:41 | Build | Farm |
| 25:47 | Create | Scout Cavalry |
| 25:47 | Create | Scout Cavalry |
| 26:09 | Create | Knight |
| 26:09 | Create | Knight |
| 26:20 | Create | Knight |
| 26:35 | Create | Knight |
Build order — Hombre invisible
First 150 of 631 actions detected
| 0:05 | Build | House |
| 0:07 | Build | House |
| 0:17 | Create | Villager (Male) ×5 |
| 0:17 | Create | Villager (Male) ×5 |
| 0:18 | Create | Villager (Male) ×5 |
| 0:18 | Create | Villager (Male) |
| 1:36 | Create | Villager (Male) |
| 1:36 | Create | Villager (Male) |
| 2:09 | Build | Lumber Camp |
| 2:54 | Create | Villager (Male) |
| 2:54 | Create | Villager (Male) |
| 3:02 | Build | House |
| 3:04 | Build | House |
| 3:22 | Create | Villager (Male) |
| 3:22 | Create | Villager (Male) |
| 4:04 | Create | Villager (Male) ×3 |
| 4:05 | Create | Villager (Male) ×3 |
| 4:39 | Build | Mill |
| 5:31 | Create | Villager (Male) ×2 |
| 5:31 | Create | Villager (Male) ×2 |
| 6:04 | Create | Villager (Male) ×2 |
| 6:04 | Create | Villager (Male) ×2 |
| 6:21 | Create | Villager (Male) |
| 6:21 | Create | Villager (Male) |
| 6:21 | Create | Villager (Male) |
| 7:02 | Build | Lumber Camp |
| 7:53 | Build | Farm |
| 7:56 | Build | Farm |
| 8:09 | Build | Palisade Gate |
| 8:12 | Build | House |
| 8:23 | Create | Villager (Male) |
| 8:23 | Create | Villager (Male) |
| 8:23 | Create | Villager (Male) |
| 8:23 | Create | Villager (Male) |
| 8:24 | Create | Villager (Male) |
| 9:13 | Build | Mining Camp |
| 9:19 | Build | House |
| 10:08 | Research | Feudal Age |
| 10:42 | Build | Barracks |
| 10:45 | Research | Loom |
| 10:50 | Build | Palisade Wall |
| 10:52 | Build | Palisade Wall |
| 10:56 | Build | Palisade Wall |
| 11:43 | Build | House |
| 11:51 | Create | Villager (Male) |
| 11:51 | Create | Villager (Male) |
| 12:18 | Age | Feudal Age |
| 12:21 | Build | Stable |
| 12:29 | Build | Blacksmith |
| 12:48 | Research | Double-Bit Axe |
| 13:18 | Research | Castle Age |
| 13:44 | Build | Farm |
| 14:02 | Create | Spearman |
| 14:03 | Create | Spearman |
| 14:16 | Research | Gold Mining |
| 14:49 | Build | Stable |
| 14:51 | Build | House |
| 15:00 | Build | Farm |
| 15:01 | Build | Farm |
| 15:02 | Build | Farm |
| 15:04 | Build | Farm |
| 15:43 | Create | Scout Cavalry |
| 16:13 | Age | Castle Age |
| 16:16 | Build | Town Center |
| 16:18 | Build | Town Center |
| 16:20 | Create | Villager (Male) |
| 16:31 | Research | Horse Collar |
| 16:35 | Research | Bow Saw |
| 16:35 | Research | Bow Saw |
| 17:14 | Create | Villager (Male) |
| 17:14 | Create | Villager (Male) |
| 17:17 | Build | Farm |
| 17:22 | Build | Farm |
| 17:29 | Build | Farm |
| 17:42 | Create | Villager (Male) |
| 17:51 | Create | Villager (Male) |
| 17:52 | Create | Villager (Male) |
| 17:52 | Create | Villager (Male) |
| 17:53 | Create | Villager (Male) |
| 17:57 | Create | Villager (Male) |
| 17:58 | Create | Villager (Male) |
| 17:59 | Build | Farm |
| 18:17 | Build | Farm |
| 18:22 | Build | Farm |
| 18:24 | Create | Villager (Male) |
| 18:24 | Create | Villager (Male) |
| 18:25 | Create | Villager (Male) |
| 18:25 | Create | Villager (Male) |
| 18:25 | Create | Villager (Male) |
| 18:43 | Build | Farm |
| 18:47 | Build | Farm |
| 18:51 | Build | Farm |
| 18:52 | Create | Villager (Male) |
| 19:00 | Build | Farm |
| 19:07 | Build | House |
| 19:10 | Build | House |
| 19:13 | Build | House |
| 19:21 | Build | House |
| 19:23 | Build | House |
| 19:25 | Build | House |
| 19:26 | Create | Villager (Male) |
| 19:27 | Create | Villager (Male) |
| 19:28 | Create | Villager (Male) |
| 19:34 | Build | Farm |
| 19:42 | Build | Farm |
| 19:46 | Build | Farm |
| 19:47 | Create | Villager (Male) |
| 19:47 | Create | Villager (Male) |
| 19:51 | Build | Farm |
| 19:55 | Build | Farm |
| 19:58 | Build | Farm |
| 20:03 | Build | Farm |
| 20:07 | Create | Villager (Male) |
| 20:07 | Create | Villager (Male) |
| 20:07 | Create | Villager (Male) |
| 20:11 | Build | Farm |
| 20:13 | Create | Villager (Male) |
| 20:26 | Create | Villager (Male) |
| 20:27 | Create | Villager (Male) |
| 20:27 | Create | Villager (Male) |
| 20:30 | Create | Villager (Male) |
| 20:35 | Create | Villager (Male) |
| 20:43 | Build | Monastery |
| 20:51 | Build | House |
| 20:56 | Create | Villager (Male) |
| 21:01 | Build | Farm |
| 21:05 | Build | Farm |
| 21:08 | Build | Farm |
| 21:19 | Create | Villager (Male) ×3 |
| 21:32 | Create | Villager (Male) ×2 |
| 21:32 | Create | Villager (Male) ×2 |
| 21:37 | Build | Farm |
| 21:37 | Build | Farm |
| 21:37 | Build | Farm |
| 21:37 | Build | Farm |
| 21:38 | Build | Farm |
| 21:38 | Build | Farm |
| 21:38 | Build | Farm |
| 21:40 | Create | Monk |
| 21:40 | Create | Monk |
| 21:40 | Create | Monk |
| 21:40 | Create | Monk |
| 22:10 | Create | Villager (Male) |
| 22:10 | Create | Villager (Male) |
| 22:14 | Create | Villager (Male) ×4 |
| 22:17 | Build | Farm |
| 22:20 | Build | Farm |
| 22:27 | Research | Heavy Plow |
| 22:41 | Research | Fervor |
| 22:42 | Create | Villager (Male) |
Build order — Mr_Mantequilla
First 150 of 682 actions detected
| 0:05 | Create | Villager (Male) |
| 0:05 | Create | Villager (Male) |
| 0:07 | Build | House |
| 0:08 | Build | House |
| 0:18 | Create | Villager (Male) |
| 0:18 | Create | Villager (Male) |
| 1:28 | Create | Villager (Male) |
| 2:02 | Create | Villager (Male) |
| 2:02 | Create | Villager (Male) |
| 2:16 | Build | Lumber Camp |
| 2:38 | Create | Villager (Male) |
| 2:57 | Create | Villager (Male) |
| 2:58 | Create | Villager (Male) |
| 3:46 | Create | Villager (Male) |
| 3:57 | Build | House |
| 4:14 | Create | Villager (Male) |
| 4:15 | Create | Villager (Male) |
| 4:44 | Build | House |
| 4:52 | Create | Villager (Male) |
| 5:13 | Build | Mill |
| 5:30 | Create | Villager (Male) |
| 5:31 | Create | Villager (Male) |
| 5:52 | Create | Villager (Male) |
| 6:25 | Build | House |
| 6:49 | Research | Feudal Age |
| 7:03 | Build | Barracks |
| 7:43 | Build | House |
| 7:56 | Create | Villager (Male) |
| 8:20 | Create | Villager (Male) |
| 8:34 | Build | House |
| 8:59 | Age | Feudal Age |
| 9:01 | Build | Stable |
| 9:17 | Research | Loom |
| 9:28 | Build | Palisade Gate |
| 9:32 | Build | Palisade Wall |
| 9:37 | Create | Scout Cavalry |
| 9:37 | Create | Scout Cavalry |
| 9:40 | Research | Double-Bit Axe |
| 10:33 | Create | Villager (Male) |
| 10:33 | Create | Villager (Male) |
| 10:40 | Create | Scout Cavalry |
| 11:10 | Create | Villager (Male) |
| 11:28 | Research | Horse Collar |
| 11:34 | Build | Farm |
| 11:34 | Build | Farm |
| 11:34 | Build | Farm |
| 11:34 | Build | Farm |
| 11:35 | Build | Farm |
| 11:35 | Build | Farm |
| 11:35 | Build | Farm |
| 11:35 | Build | Farm |
| 11:43 | Create | Villager (Male) |
| 12:36 | Build | Farm |
| 12:37 | Create | Villager (Male) |
| 12:38 | Create | Villager (Male) |
| 12:41 | Build | Farm |
| 12:46 | Build | Farm |
| 12:49 | Create | Scout Cavalry |
| 13:06 | Create | Scout Cavalry |
| 13:19 | Build | Farm |
| 13:36 | Create | Scout Cavalry |
| 14:17 | Create | Villager (Male) |
| 14:21 | Create | Scout Cavalry |
| 14:35 | Create | Villager (Male) |
| 14:40 | Create | Scout Cavalry |
| 15:11 | Build | Blacksmith |
| 15:19 | Build | House |
| 15:27 | Build | House |
| 15:37 | Create | Villager (Male) |
| 15:38 | Create | Villager (Male) |
| 15:48 | Create | Villager (Male) |
| 15:52 | Build | House |
| 15:57 | Build | Mining Camp |
| 16:05 | Create | Villager (Male) |
| 16:10 | Build | Farm |
| 16:11 | Build | Farm |
| 16:55 | Create | Villager (Male) |
| 16:58 | Build | Farm |
| 17:00 | Build | Farm |
| 17:04 | Build | Farm |
| 17:05 | Build | Farm |
| 17:43 | Create | Scout Cavalry |
| 17:48 | Create | Villager (Male) |
| 18:09 | Research | Castle Age |
| 18:11 | Build | Farm |
| 18:11 | Build | Farm |
| 18:11 | Build | Farm |
| 18:25 | Build | House |
| 18:26 | Build | House |
| 18:27 | Build | House |
| 18:30 | Build | House |
| 18:30 | Build | House |
| 18:47 | Research | Scale Barding Armor |
| 19:27 | Research | Bloodlines |
| 20:35 | Build | Stable |
| 20:53 | Age | Castle Age |
| 20:54 | Research | Bow Saw |
| 20:55 | Create | Villager (Male) |
| 20:56 | Create | Villager (Male) |
| 21:00 | Create | Steppe Lancer ×4 |
| 21:12 | Build | Town Center |
| 21:38 | Build | House |
| 21:39 | Build | House |
| 21:42 | Create | Steppe Lancer |
| 21:43 | Create | Steppe Lancer |
| 21:48 | Create | Villager (Male) |
| 21:48 | Create | Villager (Male) |
| 22:06 | Create | Steppe Lancer |
| 22:06 | Create | Steppe Lancer |
| 22:07 | Create | Steppe Lancer |
| 22:08 | Create | Villager (Male) |
| 22:23 | Build | Farm |
| 22:23 | Build | Farm |
| 22:23 | Build | Farm |
| 22:24 | Build | Farm |
| 22:24 | Build | Farm |
| 22:24 | Build | Farm |
| 22:24 | Build | Farm |
| 22:33 | Create | Villager (Male) |
| 22:37 | Create | Villager (Male) |
| 22:50 | Build | House |
| 22:51 | Build | House |
| 22:52 | Build | House |
| 22:53 | Create | Villager (Male) |
| 22:53 | Create | Villager (Male) |
| 22:59 | Build | Farm |
| 22:59 | Build | Farm |
| 22:59 | Build | Farm |
| 23:21 | Create | Steppe Lancer ×2 |
| 23:22 | Create | Villager (Male) |
| 23:22 | Create | Villager (Male) |
| 23:39 | Create | Villager (Male) |
| 23:47 | Create | Villager (Male) |
| 23:47 | Create | Villager (Male) |
| 24:05 | Build | Town Center |
| 24:06 | Create | Villager (Male) |
| 24:07 | Create | Villager (Male) |
| 24:07 | Create | Villager (Male) |
| 24:19 | Create | Villager (Male) |
| 24:35 | Create | Villager (Male) |
| 24:36 | Create | Villager (Male) |
| 24:54 | Build | House |
| 24:55 | Build | House |
| 24:59 | Create | Villager (Male) |
| 24:59 | Create | Villager (Male) |
| 25:17 | Build | Farm |
| 25:17 | Build | Farm |
| 25:25 | Build | Farm |
| 25:26 | Create | Villager (Male) |
| 25:27 | Create | Villager (Male) |
Build order — DippityDang
First 150 of 620 actions detected
| 0:03 | Create | Villager (Male) |
| 0:04 | Build | House |
| 0:05 | Build | House |
| 0:13 | Create | Villager (Male) |
| 0:16 | Create | Villager (Male) |
| 0:32 | Create | Villager (Male) |
| 1:29 | Create | Villager (Male) |
| 1:53 | Build | Lumber Camp |
| 1:55 | Create | Villager (Male) |
| 2:24 | Create | Villager (Male) |
| 2:50 | Create | Villager (Male) |
| 3:25 | Create | Villager (Male) |
| 3:43 | Build | House |
| 3:47 | Create | Villager (Male) |
| 3:47 | Create | Villager (Male) |
| 3:57 | Build | Mill |
| 4:05 | Create | Villager (Male) |
| 4:20 | Build | House |
| 4:37 | Create | Villager (Male) |
| 5:05 | Create | Villager (Male) |
| 5:08 | Create | Villager (Male) |
| 5:17 | Create | Villager (Male) |
| 5:47 | Create | Villager (Male) |
| 5:58 | Create | Villager (Male) |
| 6:39 | Build | House |
| 6:49 | Create | Villager (Male) |
| 7:03 | Create | Villager (Male) |
| 7:08 | Create | Villager (Male) |
| 7:31 | Build | Palisade Wall |
| 7:38 | Create | Villager (Male) |
| 8:03 | Create | Villager (Male) |
| 8:27 | Create | Villager (Male) |
| 8:33 | Research | Loom |
| 8:46 | Build | Palisade Wall |
| 8:57 | Build | Palisade Wall |
| 9:03 | Research | Feudal Age |
| 9:05 | Build | Palisade Wall |
| 9:15 | Create | Villager (Male) |
| 9:18 | Create | Villager (Male) |
| 9:32 | Research | Feudal Age |
| 10:27 | Create | Villager (Male) |
| 10:44 | Build | Palisade Wall |
| 10:57 | Build | Mining Camp |
| 12:16 | Age | Feudal Age |
| 12:18 | Build | Market |
| 12:22 | Build | Blacksmith |
| 12:34 | Create | Villager (Male) |
| 12:48 | Build | Mining Camp |
| 13:20 | Research | Castle Age |
| 14:04 | Build | Watch Tower |
| 14:20 | Build | Barracks |
| 14:36 | Create | Villager (Male) |
| 15:05 | Build | Archery Range |
| 15:31 | Create | Skirmisher |
| 15:35 | Build | Farm |
| 15:36 | Build | Farm |
| 15:37 | Research | Double-Bit Axe |
| 16:00 | Age | Castle Age |
| 16:10 | Research | Bow Saw |
| 16:15 | Build | House |
| 16:43 | Build | Palisade Wall |
| 16:44 | Build | Palisade Wall |
| 16:45 | Build | Palisade Wall |
| 16:52 | Build | Palisade Wall |
| 16:54 | Build | Palisade Wall |
| 16:57 | Build | Palisade Wall |
| 17:08 | Create | Villager (Male) |
| 17:17 | Create | Skirmisher |
| 17:25 | Build | Palisade Wall |
| 17:32 | Build | Palisade Wall |
| 17:33 | Build | Palisade Wall |
| 17:34 | Build | Palisade Wall |
| 17:45 | Build | Town Center |
| 17:50 | Build | Farm |
| 18:42 | Create | Villager (Male) |
| 18:50 | Create | Skirmisher |
| 18:56 | Build | Farm |
| 19:24 | Create | Skirmisher |
| 19:54 | Create | Villager (Male) |
| 20:00 | Build | Farm |
| 20:01 | Build | Farm |
| 20:09 | Build | House |
| 20:12 | Build | Farm |
| 20:19 | Build | Farm |
| 20:21 | Build | Farm |
| 20:22 | Create | Villager (Male) |
| 20:35 | Build | House |
| 20:40 | Build | Farm |
| 20:50 | Build | Castle |
| 20:55 | Create | Villager (Male) |
| 20:59 | Build | Farm |
| 21:03 | Build | Farm |
| 21:15 | Create | Villager (Male) |
| 21:32 | Build | Farm |
| 21:35 | Create | Villager (Male) |
| 21:46 | Create | Villager (Male) |
| 22:03 | Build | Palisade Gate |
| 22:07 | Create | Villager (Male) |
| 22:13 | Create | Villager (Male) |
| 22:17 | Build | Farm |
| 22:18 | Build | Farm |
| 22:27 | Create | Villager (Male) |
| 22:31 | Build | Farm |
| 22:35 | Build | Farm |
| 22:45 | Create | War Wagon |
| 22:46 | Create | Villager (Male) |
| 22:47 | Create | Villager (Male) |
| 23:08 | Create | Villager (Male) |
| 23:15 | Build | Farm |
| 23:20 | Build | Farm |
| 23:21 | Create | Villager (Male) |
| 23:36 | Create | Villager (Male) |
| 23:40 | Build | Farm |
| 23:51 | Research | Horse Collar |
| 23:52 | Research | Horse Collar |
| 23:52 | Create | Villager (Male) |
| 23:53 | Create | Villager (Male) |
| 24:03 | Create | Villager (Male) |
| 24:14 | Build | Farm |
| 24:37 | Create | Villager (Male) |
| 24:47 | Research | Fletching |
| 24:57 | Create | Villager (Male) |
| 25:02 | Create | Villager (Male) |
| 25:05 | Create | War Wagon |
| 25:10 | Build | Lumber Camp |
| 25:12 | Create | Villager (Male) |
| 25:15 | Build | House |
| 25:32 | Create | Villager (Male) |
| 25:38 | Create | Villager (Male) |
| 25:40 | Create | Villager (Male) |
| 25:50 | Create | War Wagon |
| 25:52 | Research | Bodkin Arrow |
| 25:52 | Create | Villager (Male) |
| 26:04 | Create | War Wagon |
| 26:14 | Create | Villager (Male) |
| 26:22 | Create | War Wagon |
| 26:23 | Create | Villager (Male) |
| 26:29 | Create | Villager (Male) |
| 26:31 | Build | Farm |
| 26:32 | Create | Villager (Male) |
| 26:45 | Create | War Wagon |
| 26:50 | Build | House |
| 26:52 | Create | Villager (Male) |
| 26:55 | Create | War Wagon |
| 27:00 | Create | Villager (Male) |
| 27:04 | Create | Villager (Male) |
| 27:08 | Create | War Wagon |
| 27:14 | Create | Villager (Male) |
| 27:19 | Build | House |
| 27:24 | Create | Villager (Male) |
Build order — Lord_ZeusX
First 150 of 624 actions detected
| 0:02 | Create | Villager (Male) ×4 |
| 0:02 | Create | Villager (Male) ×4 |
| 0:04 | Build | House |
| 0:06 | Build | House |
| 1:19 | Create | Villager (Male) |
| 1:19 | Create | Villager (Male) |
| 1:47 | Create | Villager (Male) |
| 1:51 | Build | Lumber Camp |
| 2:37 | Create | Villager (Male) |
| 2:37 | Create | Villager (Male) |
| 2:37 | Create | Villager (Male) |
| 3:03 | Create | Villager (Male) |
| 3:04 | Create | Villager (Male) |
| 3:30 | Create | Villager (Male) |
| 3:30 | Create | Villager (Male) |
| 3:59 | Build | House |
| 4:06 | Create | Villager (Male) |
| 4:07 | Create | Villager (Male) |
| 4:33 | Create | Villager (Male) |
| 4:33 | Create | Villager (Male) |
| 4:43 | Build | House |
| 4:48 | Create | Villager (Male) |
| 4:49 | Create | Villager (Male) |
| 5:15 | Create | Villager (Male) |
| 5:16 | Create | Villager (Male) |
| 5:43 | Create | Villager (Male) |
| 5:43 | Create | Villager (Male) |
| 5:55 | Create | Villager (Male) |
| 6:36 | Build | Barracks |
| 6:46 | Build | Mining Camp |
| 6:59 | Research | Loom |
| 7:45 | Research | Feudal Age |
| 7:46 | Research | Feudal Age |
| 8:38 | Create | Villager (Male) |
| 9:11 | Build | Palisade Wall |
| 9:16 | Build | Palisade Wall |
| 9:23 | Build | Palisade Wall |
| 9:29 | Create | Villager (Male) |
| 9:47 | Create | Villager (Male) |
| 9:54 | Create | Villager (Male) |
| 9:55 | Age | Feudal Age |
| 9:57 | Build | Archery Range |
| 10:06 | Research | Double-Bit Axe |
| 10:37 | Build | Archery Range |
| 10:38 | Create | Archer |
| 10:38 | Create | Archer |
| 10:46 | Create | Villager (Male) |
| 11:11 | Create | Archer |
| 11:16 | Build | House |
| 11:29 | Build | House |
| 11:30 | Create | Archer |
| 11:31 | Create | Archer |
| 11:47 | Build | Blacksmith |
| 11:55 | Create | Villager (Male) |
| 11:59 | Build | House |
| 12:06 | Create | Archer |
| 12:07 | Create | Villager (Male) |
| 12:37 | Research | Fletching |
| 12:37 | Research | Fletching |
| 12:43 | Create | Villager (Male) |
| 12:56 | Build | House |
| 12:57 | Build | Palisade Wall |
| 13:00 | Build | Outpost |
| 13:05 | Build | Mill |
| 13:09 | Create | Archer |
| 13:11 | Create | Villager (Male) |
| 13:32 | Create | Archer |
| 13:40 | Create | Archer |
| 13:40 | Create | Archer |
| 13:45 | Create | Villager (Male) |
| 13:46 | Create | Villager (Male) |
| 14:10 | Create | Archer |
| 14:10 | Create | Archer |
| 14:11 | Create | Archer |
| 14:11 | Create | Villager (Male) |
| 14:48 | Create | Villager (Male) |
| 14:48 | Create | Villager (Male) |
| 15:11 | Create | Archer ×3 |
| 15:12 | Create | Archer ×3 |
| 15:15 | Build | Farm |
| 15:16 | Build | Farm |
| 15:30 | Create | Villager (Male) |
| 15:38 | Create | Archer |
| 15:39 | Create | Archer |
| 15:41 | Create | Villager (Male) |
| 15:46 | Build | Farm |
| 15:47 | Build | Farm |
| 16:15 | Create | Villager (Male) |
| 16:16 | Create | Villager (Male) |
| 16:17 | Build | Farm |
| 16:22 | Build | Farm |
| 16:33 | Create | Archer ×3 |
| 16:33 | Create | Archer |
| 16:34 | Create | Villager (Male) |
| 16:34 | Create | Villager (Male) |
| 16:37 | Build | Farm |
| 16:53 | Create | Archer |
| 16:53 | Create | Archer |
| 17:07 | Create | Villager (Male) |
| 17:10 | Build | Farm |
| 17:22 | Create | Archer |
| 17:22 | Create | Archer |
| 17:22 | Create | Villager (Male) |
| 17:23 | Create | Villager (Male) |
| 17:26 | Build | Farm |
| 17:32 | Create | Villager (Male) |
| 17:40 | Build | House |
| 17:43 | Build | Palisade Wall |
| 17:50 | Build | Farm |
| 17:56 | Build | Palisade Wall |
| 18:03 | Create | Villager (Male) |
| 18:29 | Build | House |
| 18:30 | Create | Villager (Male) |
| 19:39 | Create | Villager (Male) |
| 19:46 | Build | Lumber Camp |
| 19:48 | Build | Farm |
| 19:48 | Build | Farm |
| 19:49 | Build | Farm |
| 19:49 | Build | Farm |
| 20:11 | Build | Market |
| 20:20 | Create | Archer |
| 20:21 | Create | Archer |
| 20:24 | Create | Archer |
| 20:24 | Create | Archer |
| 20:31 | Create | Villager (Male) |
| 20:31 | Create | Villager (Male) |
| 20:36 | Research | Castle Age |
| 20:36 | Research | Castle Age |
| 20:45 | Create | Archer ×3 |
| 20:45 | Create | Archer ×3 |
| 20:59 | Build | House |
| 21:01 | Build | House |
| 21:02 | Build | House |
| 21:06 | Create | Villager (Male) |
| 21:11 | Build | Mining Camp |
| 21:20 | Create | Archer ×2 |
| 21:21 | Create | Archer |
| 21:22 | Research | Gold Mining |
| 21:35 | Research | Horse Collar |
| 21:48 | Create | Archer ×2 |
| 21:49 | Create | Archer |
| 22:20 | Create | Villager (Male) |
| 22:39 | Create | Archer |
| 22:39 | Create | Archer |
| 22:55 | Build | Lumber Camp |
| 23:10 | Create | Archer |
| 23:11 | Create | Archer |
| 23:16 | Age | Castle Age |
| 23:18 | Build | University |
| 23:21 | Research | Bodkin Arrow |
Match timeline
| 5:39 | chentever.twitch · wall_segment Palisade Wall x7 |
| 5:47 | 藥膏 · wall_segment Palisade Wall x21 |
| 6:36 | Lord_ZeusX · first_building Barracks |
| 6:37 | 藥膏 · wall_segment Palisade Wall x10 |
| 6:39 | 藥膏 · wall_segment Palisade Wall x10 |
| 7:03 | Mr_Mantequilla · first_building Barracks |
| 7:19 | chentever.twitch · first_building Barracks |
| 7:22 | matt · first_building Barracks |
| 7:31 | DippityDang · wall_segment Palisade Wall x15 |
| 7:47 | 藥膏 · wall_segment Palisade Wall x14 |
| 8:10 | chentever.twitch · wall_segment Palisade Wall x16 |
| 8:20 | DoctorDubbz · first_building Barracks |
| 8:46 | DippityDang · wall_segment Palisade Wall x12 |
| 8:57 | DippityDang · wall_segment Palisade Wall x11 |
| 8:59 | Mr_Mantequilla · age_up feudal |
| 9:00 | matt · age_up feudal |
| 9:01 | matt · first_building Stable |
| 9:01 | Mr_Mantequilla · first_building Stable |
| 9:05 | DippityDang · wall_segment Palisade Wall x12 |
| 9:06 | DoctorDubbz · age_up feudal |
| 9:11 | Lord_ZeusX · wall_segment Palisade Wall x3 |
| 9:16 | Lord_ZeusX · wall_segment Palisade Wall x14 |
| 9:23 | Lord_ZeusX · wall_segment Palisade Wall x12 |
| 9:27 | 藥膏 · wall_segment Palisade Wall x2 |
| 9:29 | DoctorDubbz · first_building Stable |
| 9:32 | Mr_Mantequilla · wall_segment Palisade Wall x5 |
| 9:55 | Lord_ZeusX · age_up feudal |
| 9:57 | DoctorDubbz · wall_segment Palisade Wall x6 |
| 9:57 | Lord_ZeusX · first_building Archery Range |
| 10:14 | 藥膏 · wall_segment Palisade Wall x4 |
| 10:17 | 藥膏 · wall_segment Palisade Wall x8 |
| 10:18 | 藥膏 · wall_segment Palisade Wall x7 |
| 10:22 | chentever.twitch · age_up feudal |
| 10:34 | chentever.twitch · first_building Stable |
| 10:42 | Hombre invisible · first_building Barracks |
| 10:44 | DippityDang · wall_segment Palisade Wall x5 |
| 10:50 | Hombre invisible · wall_segment Palisade Wall x1 |
| 10:52 | Hombre invisible · wall_segment Palisade Wall x1 |
| 10:56 | Hombre invisible · wall_segment Palisade Wall x1 |
| 11:42 | chentever.twitch · wall_segment Palisade Wall x16 |
| 11:47 | 藥膏 · age_up feudal |
| 11:50 | matt · wall_segment Palisade Wall x1 |
| 11:53 | matt · wall_segment Palisade Wall x1 |
| 12:03 | chentever.twitch · wall_segment Palisade Wall x10 |
| 12:16 | DippityDang · age_up feudal |
| 12:18 | Hombre invisible · age_up feudal |
| 12:19 | 藥膏 · wall_segment Stone Wall x5 |
| 12:21 | Hombre invisible · first_building Stable |
| 12:21 | 藥膏 · wall_segment Stone Wall x10 |
| 12:57 | Lord_ZeusX · wall_segment Palisade Wall x1 |
| 13:03 | 藥膏 · wall_segment Stone Wall x6 |
| 13:05 | 藥膏 · wall_segment Stone Wall x8 |
| 13:07 | 藥膏 · wall_segment Stone Wall x3 |
| 14:20 | DippityDang · first_building Barracks |
| 14:25 | 藥膏 · wall_segment Stone Wall x4 |
| 14:28 | 藥膏 · first_market_sell 100 food |
| 14:29 | 藥膏 · first_market_buy 100 stone |
| 14:34 | 藥膏 · wall_segment Stone Wall x3 |
| 14:39 | 藥膏 · wall_segment Stone Wall x18 |
| 14:40 | 藥膏 · wall_segment Stone Wall x1 |
| 14:42 | 藥膏 · wall_segment Stone Wall x1 |
| 14:43 | 藥膏 · wall_segment Stone Wall x1 |
| 15:05 | DippityDang · first_building Archery Range |
| 16:00 | DippityDang · age_up castle |
| 16:13 | Hombre invisible · age_up castle |
| 16:43 | DippityDang · wall_segment Palisade Wall x1 |
| 16:44 | DippityDang · wall_segment Palisade Wall x1 |
| 16:45 | DippityDang · wall_segment Palisade Wall x1 |
| 16:52 | DippityDang · wall_segment Palisade Wall x1 |
| 16:54 | DippityDang · wall_segment Palisade Wall x1 |
| 16:57 | DippityDang · wall_segment Palisade Wall x1 |
| 17:25 | DippityDang · wall_segment Palisade Wall x1 |
| 17:32 | DippityDang · wall_segment Palisade Wall x1 |
| 17:33 | DippityDang · wall_segment Palisade Wall x1 |
| 17:34 | DippityDang · wall_segment Palisade Wall x1 |
| 17:43 | matt · wall_segment Palisade Wall x1 |
| 17:43 | Lord_ZeusX · wall_segment Palisade Wall x1 |
| 17:56 | Lord_ZeusX · wall_segment Palisade Wall x1 |
| 18:44 | 藥膏 · age_up castle |
| 20:33 | matt · first_market_buy 100 food |
| 20:43 | Hombre invisible · first_building Monastery |
| 20:50 | DippityDang · first_building Castle |
| 20:53 | Mr_Mantequilla · age_up castle |
| 23:16 | Lord_ZeusX · age_up castle |
| 23:24 | matt · age_up castle |
| 23:30 | DoctorDubbz · age_up castle |
| 23:47 | matt · first_market_sell 100 stone |
| 24:40 | 藥膏 · wall_segment Stone Wall x7 |
| 24:47 | DoctorDubbz · first_building Castle |
| 26:26 | 藥膏 · first_building Castle |
| 26:31 | chentever.twitch · age_up castle |
| 26:43 | chentever.twitch · first_market_buy 100 food |
| 27:29 | DippityDang · wall_segment Stone Wall x17 |
| 27:35 | 藥膏 · first_building Barracks |
| 27:50 | DoctorDubbz · first_building Monastery |
| 28:24 | 藥膏 · first_building Stable |
| 28:31 | chentever.twitch · first_market_sell 100 food |
| 30:30 | Hombre invisible · first_building Castle |
| 31:54 | DoctorDubbz · age_up imperial |
| 31:59 | DippityDang · wall_segment Palisade Wall x1 |
| 32:00 | DippityDang · wall_segment Palisade Wall x6 |
| 32:00 | Hombre invisible · age_up imperial |
| 32:13 | DoctorDubbz · first_market_sell 100 wood |
| 32:18 | 藥膏 · age_up imperial |
| 32:38 | Lord_ZeusX · first_building Monastery |
| 33:25 | Lord_ZeusX · first_market_buy 100 food |
| 33:38 | Mr_Mantequilla · first_building Castle |
| 34:43 | matt · first_building Monastery |
| 34:58 | DoctorDubbz · first_building Archery Range |
| 36:05 | DippityDang · first_market_sell 100 wood |
| 36:06 | DippityDang · first_market_buy 100 food |
| 36:39 | Lord_ZeusX · age_up imperial |
| 37:02 | DippityDang · first_building Stable |
| 38:16 | matt · age_up imperial |
| 38:28 | Mr_Mantequilla · age_up imperial |
| 38:29 | Hombre invisible · first_building Siege Workshop |
| 39:21 | chentever.twitch · first_building Castle |
| 39:33 | DippityDang · age_up imperial |
| 40:33 | Lord_ZeusX · wall_segment Stone Wall x10 |
| 40:48 | Lord_ZeusX · first_market_sell 100 stone |
| 41:14 | Mr_Mantequilla · first_building Archery Range |
| 42:21 | Mr_Mantequilla · tribute_sent a jugador 1 |
| 42:21 | Mr_Mantequilla · tribute_sent a jugador 2 |
| 42:21 | Mr_Mantequilla · tribute_sent a jugador 3 |
| 42:21 | Mr_Mantequilla · tribute_sent a jugador 4 |
| 42:21 | Mr_Mantequilla · tribute_sent a jugador 5 |
| 42:21 | Mr_Mantequilla · tribute_sent a jugador 7 |
| 42:21 | Mr_Mantequilla · tribute_sent a jugador 8 |
| 42:37 | Lord_ZeusX · wall_segment Stone Wall x5 |
| 43:28 | Mr_Mantequilla · first_market_sell 100 food |
| 43:29 | DippityDang · wall_segment Stone Wall x30 |
| 43:36 | DippityDang · wall_segment Stone Wall x9 |
| 44:41 | Lord_ZeusX · first_building Castle |
| 45:03 | DippityDang · wall_segment Stone Wall x8 |
| 45:08 | DippityDang · wall_segment Stone Wall x17 |
| 45:14 | Hombre invisible · first_market_buy 500 wood |
| 45:49 | Lord_ZeusX · first_building Stable |
| 45:49 | chentever.twitch · age_up imperial |
| 46:50 | Mr_Mantequilla · first_building Siege Workshop |
| 47:47 | Hombre invisible · first_market_sell 500 food |
| 48:47 | Hombre invisible · wall_segment Stone Wall x38 |
| 49:45 | Hombre invisible · wall_segment Stone Wall x13 |
| 50:58 | Mr_Mantequilla · wall_segment Stone Wall x3 |
| 52:17 | Mr_Mantequilla · wall_segment Stone Wall x7 |
| 54:00 | matt · first_building Castle |
| 54:45 | DippityDang · tribute_sent a jugador 1 |
| 54:45 | DippityDang · tribute_sent a jugador 2 |
| 54:45 | DippityDang · tribute_sent a jugador 3 |
| 54:45 | DippityDang · tribute_sent a jugador 4 |
| 54:45 | DippityDang · tribute_sent a jugador 5 |
| 54:45 | DippityDang · tribute_sent a jugador 6 |
| 54:45 | DippityDang · tribute_sent a jugador 8 |
| 54:48 | 藥膏 · tribute_sent a jugador 2 |
| 54:48 | 藥膏 · tribute_sent a jugador 3 |
| 54:48 | 藥膏 · tribute_sent a jugador 4 |
| 54:48 | 藥膏 · tribute_sent a jugador 5 |
| 54:48 | 藥膏 · tribute_sent a jugador 6 |
| 54:48 | 藥膏 · tribute_sent a jugador 7 |
| 54:48 | 藥膏 · tribute_sent a jugador 8 |
| 55:22 | 藥膏 · tribute_sent a jugador 2 |
| 55:22 | 藥膏 · tribute_sent a jugador 3 |
| 55:22 | 藥膏 · tribute_sent a jugador 4 |
| 55:22 | 藥膏 · tribute_sent a jugador 5 |
| 55:22 | 藥膏 · tribute_sent a jugador 6 |
| 55:22 | 藥膏 · tribute_sent a jugador 7 |
| 55:22 | 藥膏 · tribute_sent a jugador 8 |
| 58:23 | 藥膏 · wall_segment Stone Wall x4 |
| 61:46 | DippityDang · wall_segment Stone Wall x10 |
| 62:02 | Mr_Mantequilla · wall_segment Stone Wall x18 |
| 62:08 | Mr_Mantequilla · wall_segment Stone Wall x13 |
| 62:10 | Mr_Mantequilla · wall_segment Stone Wall x10 |
| 63:33 | 藥膏 · tribute_sent a jugador 2 |
| 63:33 | 藥膏 · tribute_sent a jugador 3 |
| 63:33 | 藥膏 · tribute_sent a jugador 4 |
| 63:33 | 藥膏 · tribute_sent a jugador 5 |
| 63:33 | 藥膏 · tribute_sent a jugador 6 |
| 63:33 | 藥膏 · tribute_sent a jugador 7 |
| 63:33 | 藥膏 · tribute_sent a jugador 8 |
| 63:50 | Lord_ZeusX · wall_segment Stone Wall x9 |
| 65:39 | Mr_Mantequilla · resign |
[ AI ANALYSIS · 1 CREDIT ]
What really happened in this match?
Wolo.gg analyzes every decision: build order, eco, micro, common mistakes by bracket. Personalized analysis on WhatsApp or Discord in 30 seconds.
Civ guide
Cumans
Perfil
DoctorDubbz